 Dungeon Crawl Stone Soup version 0.29-a0-997-gf6f7e2dfe7 (webtiles) character file.

Game seed: 9403162040585650990

85054 concernfroge the Bludgeoner (level 15, 0/115 HPs)
             Began as a Mummy Monk on Aug 4, 2022.
             Was a High Priest of Okawaru.
             Slain by a fire elemental (16 damage)
             ... led by Azrael
             ... on level 2 of the Orcish Mines.
             The game lasted 01:34:13 (30220 turns).

concernfroge the Bludgeoner (Mummy Monk)           Turns: 30220, Time: 01:34:15

Health: 0/115      AC: 36    Str: 21    XL:     15   Next: 36%
Magic:  26/29      EV:  4    Int: 10    God:    Okawaru [*****.]
Gold:   2178       SH:  5    Dex: 15    Spells: 14/14 levels left

rFire   x . .      SeeInvis +   c - +9 great mace (vorpal)
rCold   + + .      Faith    .   (shield currently unavailable)
rNeg    + + +      Spirit   .   B - +9 crystal plate armour of the Harp {rN+ MP+9 Slay+3}
rPois   ∞          Reflect  +   b - +2 helmet
rElec   .          Harm     .   J - +2 cloak
rCorr   +          Rampage  .   O - +2 pair of gloves
Will    +....                   (no boots)
Stlth   ..........              H - amulet of reflection
HPRegen 0.29/turn               d - +4 ring of protection
MPRegen 0.21/turn               S - ring of Peywk {rC+ rCorr SInv}

@: silenced
A: cold resistance 1, negative energy resistance 3, torment resistance 2, heat
vulnerability 1, in touch with death 2, no potions
a: Renounce Religion


You were on level 2 of the Orcish Mines.
You worshipped Okawaru.
Okawaru was extremely pleased with you.
You visited 4 branches of the dungeon, and saw 23 of its levels.

You collected 2178 gold pieces.

Inventory:

Hand Weapons
 c - a +9 vorpal great mace (weapon)
 y - a +3 dire flail
Missiles
 w - 37 poisoned darts (quivered)
 D - 5 silver boomerangs
 F - 2 silver javelins
Armour
 b - a +2 helmet (worn)
 p - a +1 plate armour of fire resistance
 A - the +3 robe of Clouds {*Thunder rCloud rElec}
   (Okawaru gifted it to you on level 1 of the Lair of Beasts)

   It occasionally creates storm clouds above nearby enemies.
   It grants its wearer immunity to clouds.
   rElec:     It insulates you from electricity.
 B - the +9 crystal plate armour of the Harp (worn) {rN+ MP+9 Slay+3}
   (Okawaru gifted it to you on level 13 of the Dungeon)

   Slay:      It affects your accuracy & damage with ranged weapons and melee
   (+3).
   rN:        It protects you from negative energy.
   MP:        It affects your magic capacity (+9).
 J - a +2 cloak (worn)
 K - the +1 troll leather armour of Byjaa {Regen+ Str+2 Int+2 Dex+4}
   (Okawaru gifted it to you on level 4 of the Lair of Beasts)

   Str:       It affects your strength (+2).
   Int:       It affects your intelligence (+2).
   Dex:       It affects your dexterity (+4).
   Regen:     It increases your rate of health regeneration.
 O - a +2 pair of gloves (worn)
Jewellery
 d - a +4 ring of protection (left hand)
 i - a ring of flight
 H - an amulet of reflection (around neck)
 L - an amulet of regeneration
 M - an amulet of faith
 N - the ring of Ruusus {rC+ Int+6}
   (You took it off an orc wizard on level 8 of the Dungeon)

   [ring of protection from cold]

   Int:       It affects your intelligence (+6).
   rC:        It protects you from cold.
 R - the ring "Guwuorghy" {Dex+7 SInv}
   (You found it on level 12 of the Dungeon)

   [ring of see invisible]

   Dex:       It affects your dexterity (+7).
   SInv:      It lets you see invisible.
 S - the ring of Peywk (right hand) {rC+ rCorr SInv}
   (You found it on level 12 of the Dungeon)

   [ring of see invisible]

   rC:        It protects you from cold.
   SInv:      It lets you see invisible.
   rCorr:     It protects you from acid and corrosion.
Wands
 a - a wand of iceblast (5)
 n - a wand of light (8)
 u - a wand of flame (17)
 E - a wand of digging (12)
Scrolls
 e - a scroll of blinking
 f - 2 scrolls of noise
 g - 3 scrolls of fear
 j - 4 scrolls of immolation
 k - a scroll of enchant armour
 l - 6 scrolls of teleportation
 m - 4 scrolls of torment
 q - 3 scrolls of magic mapping
 r - 4 scrolls of vulnerability
 s - 3 scrolls of amnesia
 t - a scroll of brand weapon
 z - 5 scrolls of poison
 G - a scroll of silence
 Q - 2 scrolls of enchant weapon
Miscellaneous
 h - a piece from Xom's chessboard (14/15)
 I - a condenser vane (inert)


   Skills:
 - Level 10.0 Fighting
 - Level 20.0 Maces & Flails
 - Level 2.4 Polearms
 + Level 6.2 Dodging
 - Level 1.5 Stealth
 - Level 7.0 Invocations


You had 14 spell levels left.
You didn't know any spells.
Your spell library contained the following spells:

 Spells                   Type           Power      Damage    Failure   Level
 Freeze                   Ice            0%         1d3       100%        1
 Magic Dart               Conj           0%         1d3       100%        1
 Necrotise                Necr           0%         1d4       100%        1
 Static Discharge         Conj/Air       0%         3-3/arc   100%        2
 Frozen Ramparts          Ice            0%         1d8       100%        3
 Mephitic Cloud           Conj/Pois/Air  0%         N/A       100%        3
 Ozocubu's Armour         Ice            0%         N/A       100%        3
 Portal Projectile        Hex/Tloc       0%         N/A       100%        3
 Vampiric Draining        Necr           0%         2d6       100%        3
 Dispel Undead            Necr           0%         3d6       100%        4
 Hailstorm                Conj/Ice       0%         3d3       100%        4
 Leda's Liquefaction      Hex/Erth       0%         N/A       100%        4
 Sticky Flame             Conj/Fire      0%         2d3       100%        4
 Agony                    Necr           0%         N/A       100%        5
 Ozocubu's Refrigeration  Ice            0%         4d7       100%        7
 Call Imp                 Summ           Unusable   N/A       N/A         2
 Call Canine Familiar     Summ           Unusable   N/A       N/A         3

Dungeon Overview and Level Annotations

Branches:
Dungeon (15/15)            Temple (1/1) D:4            Lair (5/5) D:10
  Swamp (0/4) Lair:2        Snake (0/4) Lair:2        Slime (0/5) Lair:4
    Orc (2/2) D:12            Elf (0/3) Orc:2        Vaults (0/5) D:13
 Depths (0/4) D:15

Altars:
Ashenzari
Cheibriados
Dithmenos
Fedhas
Gozag
Hepliaklqana
Kikubaaqudgha
Makhleb
Nemelex Xobeh
Okawaru
Qazlal
Ru
Sif Muna
Trog
Uskayaw
Vehumet
Wu Jian
Xom
Yredelemnul
Jiyva

Shops:
D:7 [

Annotations:
D:6 2 runed translucent doors, jlumianski's ghost, amateur DsGl
Lair:4 exclusion: oklob plant
Orc:1 2 transporters, contendunt's ghost, journeyman MiFi
Orc:2 Azrael; Saint Roka


Innate Abilities, Weirdness & Mutations

You are immune to poison.
Your flesh is cold resistant. (rC+)
You are immune to negative energy. (rN+++)
You are immune to unholy pain and torment.
You are vulnerable to heat. (rF-)
You are strongly in touch with the powers of death.
You do not drink.


Message History

The fire elemental hits you. The warg bites you but does no damage.
The fire elemental hits you. The fire elemental burns you!
The fire burns you terribly! The warg attacks as you move away!
The warg bites you but does no damage. The fire elemental hits you.
The fire elemental burns you! The warg bites you but does no damage.
The warg attacks as you move away! The warg bites you!
* * * LOW HITPOINT WARNING * * *
You hammer the warg like a gong!!!
You kill the warg!
Okawaru accepts your kill.
You beat the fire elemental like a drum!!!
You destroy the fire elemental!
Okawaru accepts your kill.
You feel like a meek peon again.
You closely miss the fire elemental. You completely miss the fire elemental.
The fire elemental hits you. The fire elemental burns you!
The fire burns you terribly!
* * * LOW HITPOINT WARNING * * *
Okay, then.
You barely miss the hell hound. Azrael gestures at you.
The bolt of fire hits the fire elemental.
The fire elemental completely resists.
The bolt of fire hits you! The fire burns you terribly!
* * * LOW HITPOINT WARNING * * *
The orc warlord is engulfed in blazing flames.
The hell hound barely misses you. The fire elemental hits you.
You bludgeon the fire elemental!!
The fire elemental is almost destroyed.
Aiming: Iceblast
Press: ? - help, Shift-Dir - straight line
Okay, then.
You bludgeon the hell hound!!
You kill the hell hound!
Okawaru accepts your kill.
Your hands slow down.
The fire elemental hits you. The fire elemental burns you!
The fire burns you terribly!
You die...

....#.........#......#
##..................#.#
#
#.....................##
#
#.........#............
.
#......................
#.......)...$..........
#......)..............
##.....E)###.........##
#.....○.@# #.........'.
##.....○E## #.........#.
#.....oR##
##........####
##......☼# #............
#....#°## #............
##...o## ........#...
##..☼o## # #....>....
##....#†#.#8###
##........
#.......e..!..#
#.....#..


You could see an orc warlord (strong), Azrael and 2 fire elementals.

Vanquished Creatures
  A stone giant (D:15)
  Snorg (D:11)
  A vault guard (D:13)
  9 hydras
  An ogre mage (D:15)
  3 boulder beetles
  3 centaur warriors
  6 two-headed ogres
  2 tengu warriors (D:15)
  2 bog bodies (Lair:2)
  2 wizards (D:13)
  A harpy (shapeshifter) (D:15)
  A necromancer (D:13)
  Pikel (D:8)
  4 lindwurms (Lair:4)
  2 deep elf pyromancers
  5 orc sorcerers
  9 ugly things
  2 cyclopes (D:14)
  8 black mambas
  25 elephants
  A guardian serpent (shapeshifter) (D:14)
  A gargoyle (D:13)
  13 cane toads
  2 rime drakes
  2 unseen horrors
  7 komodo dragons
  A yaktaur (D:13)
  11 trolls
  5 hornets (Lair:5)
  7 polar bears
  4 slime creatures (D:12)
  9 blink frogs
  Sigmund (D:6)
  12 spriggans (Lair:5)
  6 wyverns
  2 wraiths (D:13)
  6 basilisks
  2 fire elementals (Orc:2)
  2 vampires
  37 yaks
  19 humans
  4 hogs (D:7)
  2 steam dragons
  4 vampire mosquitoes
  3 wargs
  Edmund (D:6)
  A harpy simulacrum (D:15)
  An acid dragon (D:14)
  2 hell hounds (Orc:2)
  25 orc warriors
  13 water moccasins
  An ice beast (D:5)
  6 black bears
  55 wolves
  8 boggarts
  7 centaurs
  10 ogres
  2 phantoms
  A lemure (D:8)
  5 kobold brigands
  15 bullfrogs
  4 necrophages
  A gnoll sergeant (D:8)
  5 scorpions
  10 wights
  9 killer bees
  7 howler monkeys
  4 electric eels
  12 orc priests
  A jelly (D:5)
  3 hounds
  An iguana (D:4)
  21 orc wizards
  6 hell rats (Lair:4)
  18 adders
  11 gnolls
  3 river rats (D:5)
  2 white imps
  An ufetubus (D:5)
  6 worms
  3 dart slugs (D:2)
  71 orcs
  5 bats
  13 endoplasms
  2 giant cockroaches
  8 goblins
  5 hobgoblins
  2 jackals (D:1)
  7 quokkas
  11 ball pythons
  A frilled lizard (D:1)
  26 kobolds
  9 rats
693 creatures vanquished.

Vanquished Creatures (others)
  A boulder beetle (D:15)
  A boggart (D:15)
  69 fungi
  103 plants
174 creatures vanquished.

Grand Total: 867 creatures vanquished

Notes
Turn   | Place    | Note
-------+----------+-------------------------------------------
     0 | D:1      | concernfroge the Mummy Monk began the quest for the Orb.
     0 | D:1      | Reached XP level 1. HP: 18/18 MP: 1/1
   353 | D:1      | Reached XP level 2. HP: 24/24 MP: 2/2
   772 | D:2      | Gained mutation: You are in touch with the powers of death.
                  | [Mummy growth]
   772 | D:2      | Reached XP level 3. HP: 30/30 MP: 3/3
  1381 | D:2      | Reached XP level 4. HP: 31/38 MP: 4/4
  1591 | D:3      | Reached skill level 5 in Fighting
  2149 | D:3      | Reached XP level 5. HP: 43/46 MP: 5/5
  2291 | D:3      | Found a basalt altar of Yredelemnul.
  2996 | D:4      | Reached XP level 6. HP: 53/53 MP: 6/6
  3302 | D:4      | Found a staircase to the Ecumenical Temple.
  3310 | Temple   | Entered the Ecumenical Temple
  3411 | Temple   | Became a worshipper of Warmaster Okawaru
  3411 | Temple   | Reached * piety under Okawaru
  3411 | Temple   | Reached ** piety under Okawaru
  3613 | D:5      | Entered Level 5 of the Dungeon
  3613 | D:5      | Noticed an ice beast
  3622 | D:5      | Killed an ice beast
  3623 | D:5      | Reached skill level 1 in Invocations
  3643 | D:5      | Reached XP level 7. HP: 43/61 MP: 6/8
  4258 | D:5      | Found an ornate altar of the Wu Jian Council.
  4589 | D:5      | Reached XP level 8. HP: 48/69 MP: 10/10
  5475 | D:6      | Found a sacrificial altar of Ru.
  5600 | D:6      | Found a large runed translucent door.
  5600 | D:6      | Found a large runed translucent door.
  5792 | D:6      | Reached *** piety under Okawaru
  5793 | D:6      | Reached skill level 10 in Fighting
  5793 | D:6      | Reached skill level 1 in Maces & Flails
  5862 | D:6      | Noticed Sigmund
  5862 | D:6      | Noticed Edmund
  5866 | D:6      | Killed Edmund
  5867 | D:6      | Reached skill level 2 in Maces & Flails
  5874 | D:6      | Killed Sigmund
  5875 | D:6      | Reached skill level 3 in Maces & Flails
  6005 | D:6      | Noticed jlumianski's ghost (amateur DsGl)
  6185 | D:7      | Reached skill level 4 in Maces & Flails
  6233 | D:7      | Found Jyilodd's Armour Shop.
  6247 | D:7      | Reached XP level 9. HP: 78/78 MP: 11/11
  6448 | D:7      | Reached skill level 5 in Maces & Flails
  6559 | D:7      | Reached **** piety under Okawaru
  6675 | D:7      | Reached skill level 6 in Maces & Flails
  6840 | D:8      | Noticed a two-headed ogre
  6859 | D:9      | Reached skill level 7 in Maces & Flails
  7005 | D:9      | Identified the +6 dagger "Qapsu" {flame, rC+ Will+ Dex+4}
  7169 | D:9      | Reached ***** piety under Okawaru
  7170 | D:9      | Reached skill level 8 in Maces & Flails
  7409 | D:9      | Found an opulent altar of Gozag.
  7410 | D:9      | Found a broken altar of Ashenzari.
  7506 | D:9      | Found a shimmering altar of Xom.
  7519 | D:9      | Reached XP level 10. HP: 23/85 MP: 11/13
  7550 | D:10     | Entered Level 10 of the Dungeon
  8462 | D:10     | Reached skill level 5 in Invocations
  8473 | D:10     | Found a staircase to the Lair.
  8561 | D:10     | Reached skill level 9 in Maces & Flails
  9064 | D:10     | You are sucked into a shaft and drop 1 floor!
  9174 | D:11     | Noticed Snorg
  9595 | D:10     | Received a gift from Okawaru
  9956 | Lair:1   | Entered Level 1 of the Lair of Beasts
  9986 | Lair:1   | Noticed a seven-headed hydra
  9995 | Lair:1   | Killed a seven-headed hydra
  9995 | Lair:1   | Received a gift from Okawaru
  9995 | Lair:1   | Found the +3 robe of Clouds {*Thunder rCloud rElec}
 10267 | Lair:1   | Noticed a cane toad
 10273 | Lair:1   | Killed a cane toad
 10282 | Lair:1   | Reached skill level 10 in Maces & Flails
 10283 | Lair:1   | Reached XP level 11. HP: 77/90 MP: 8/16
 10611 | Lair:1   | Reached skill level 11 in Maces & Flails
 11885 | Lair:2   | Noticed an eight-headed hydra
 11889 | Lair:2   | Received a gift from Okawaru
 11893 | Lair:2   | Reached skill level 12 in Maces & Flails
 12529 | Lair:2   | Reached XP level 12. HP: 19/97 MP: 9/17
 12530 | Lair:2   | Reached skill level 13 in Maces & Flails
 12906 | Lair:2   | Killed an eight-headed hydra
 13151 | Lair:2   | Noticed a boulder beetle
 13165 | Lair:2   | Killed a boulder beetle
 13165 | Lair:2   | Received a gift from Okawaru
 13306 | Lair:2   | Reached skill level 14 in Maces & Flails
 13571 | Lair:2   | Found a staircase to the Snake Pit.
 13791 | Lair:2   | Found a staircase to the Swamp.
 14898 | Lair:3   | Reached skill level 15 in Maces & Flails
 15388 | Lair:3   | Noticed a five-headed hydra
 15396 | Lair:3   | Killed a five-headed hydra
 16046 | Lair:4   | Gained mutation: You are strongly in touch with the powers
                  | of death. [Mummy growth]
 16046 | Lair:4   | Reached XP level 13. HP: 85/103 MP: 10/18
 16243 | Lair:4   | Found a runed translucent door.
 16244 | Lair:4   | Found a viscous altar of Jiyva.
 16554 | Lair:4   | Reached skill level 16 in Maces & Flails
 17269 | Lair:4   | Found a staircase to the Slime Pits.
 17881 | Lair:4   | Identified the +1 troll leather armour of Byjaa {Regen+
                  | Str+2 Int+2 Dex+4} (Okawaru gifted it to you on level 4 of
                  | the Lair of Beasts)
 17881 | Lair:4   | Received a gift from Okawaru
 18049 | Lair:5   | Entered Level 5 of the Lair of Beasts
 18282 | Lair:5   | Reached skill level 17 in Maces & Flails
 19570 | Lair:5   | Reached XP level 14. HP: 85/110 MP: 12/19
 19875 | Lair:5   | Reached skill level 18 in Maces & Flails
 21298 | D:8      | Identified the ring of Ruusus {rC+ Int+6}
 21436 | D:8      | Noticed Pikel
 21443 | D:8      | Killed Pikel
 21508 | D:8      | Identified the +3 trident of the Freezing Gods {vorpal, rC+
                  | Will+++ Str-2}
 22297 | D:11     | Killed Snorg
 23453 | D:12     | Identified the ring "Guwuorghy" {Dex+7 SInv}
 23492 | D:12     | Identified the ring of Peywk {rC+ rCorr SInv}
 23529 | D:12     | Found a staircase to the Orcish Mines.
 24930 | D:13     | Reached skill level 19 in Maces & Flails
 25165 | D:13     | Found a gate to the Vaults.
 25182 | D:13     | Identified the +9 crystal plate armour of the Harp {rN+
                  | MP+9 Slay+3} (Okawaru gifted it to you on level 13 of the
                  | Dungeon)
 25182 | D:13     | Received a gift from Okawaru
 26726 | D:15     | Entered Level 15 of the Dungeon
 26893 | D:15     | Reached XP level 15. HP: 107/115 MP: 20/20
 27007 | D:15     | Reached skill level 20 in Maces & Flails
 28231 | D:15     | Found a staircase to the Depths.
 28563 | Orc:1    | Entered Level 1 of the Orcish Mines
 28570 | Orc:1    | Noticed contendunt's ghost (journeyman MiFi)
 28598 | Orc:1    | Found a transporter.
 28675 | Orc:1    | Found a transporter.
 28970 | Orc:2    | Entered Level 2 of the Orcish Mines
 28978 | Orc:2    | Reached skill level 5 in Dodging
 29203 | Orc:2    | Noticed Saint Roka
 29744 | Orc:2    | Found a staircase to the Elven Halls.
 30193 | Orc:2    | Noticed Azrael
 30200 | Orc:2    | Noticed an orc warlord
 30202 | Orc:2    | Noticed an orc warlord
 30220 | Orc:2    | Slain by a fire elemental

Illustrated notes

Levels and vault maps discovered:
D:1:      dpeg_arrival_windows_large_door, layout_rooms, dreamdust_wishing_well
D:2:      layout_rooms
D:3:      layout_loops_ring, mainiacjoe_overflow_alcove_1, minmay_misc_feat_iff,
          minmay_diced_spiral
D:4:      layout_loops_ring, minmay_temple_entry_enclosed_plants
D:5:      layout_cave_pools, nicolae_wu_jian_glorious_leap,
          lightli_sewer_entry_pipes, abandoned_shop, minmay_splitting_lines,
          kennysheep_decorative_pillar, minmay_pentangle
D:6:      layout_rooms, mainiacjoe_overflow_cross_hatched,
          ebering_ghost_disaster_area, sigmund_edmund_badplayer
D:7:      layout_rooms, serial_shops, kennysheep_mini_moat,
          grunt_decor_resistance, grunt_livestock
D:8:      layout_basic, uniq_pikel
D:9:      layout_long_grid, mainiacjoe_overflow_divided_tiny, xom_butterflies,
          nzn_life_drinkers
D:10:     layout_loops_corners, due_lair_maze_entry_diamond, abandoned_shop,
          kennysheep_another_room
D:11:     layout_irregular_city, uniq_snorg
D:12:     layout_small_grid, erik_orc_4, grunt_ministairs_13
D:13:     layout_loops_ring, grunt_vaults_entry_tiered, minmay_misc_feat_chi
D:14:     layout_rooms, glass_columns_c
D:15:     grunt_enter_depths_snipers, layout_basic, solitary_fountain
Temple:   nicolae_temple_superstar
Lair:1:   dreamdust_cave_troll, layout_cave_shapes, serial_bayou_ford_a,
          st_stairs_11, serial_bayou_shore_a, lemuel_fruit_fields,
          infiniplex_staircase_pool_2
Lair:2:   layout_chaotic_city, skrybe_swamp_entry_bodies,
          minmay_snake_entry_six_corridors, serial_bayou_pond_d,
          grunt_forest_large_clearings
Lair:3:   layout_cave_pods
Lair:4:   layout_small_grid, slime_entry_2, minmay_lindwurm_lava
Lair:5:   minmay_lair_end_enchanted_forest, layout_hall_layers, enter_volcano_2
Orc:1:    layout_diamond_mine, gammafunk_ghost_stat_death
Orc:2:    grunt_orc_community_town_hall, layout_caves,
          grunt_orc_community_big_house_2, grunt_orc_community_big_house_1,
          grunt_orc_community_house_1, grunt_orc_community_house_1,
          grunt_orc_community_house_2, grunt_orc_community_house_2,
          grunt_orc_community_house_3, elf_legates, uniq_azrael

Skill      XL: |  1  2  3  4  5  6  7  8  9 10 11 12 13 14 15 |
---------------+----------------------------------------------+-----
Fighting       | 4 5 6 7 8 10 | 10.0
Invocations    | 1 3 4 7 |  7.0
Maces & Flails | 4 8 10 12 15 17 19 20 | 20.0
Dodging        | 6 |  6.2
Polearms       | |  2.4
Stealth        | |  1.5

Action                   |  1- 3 |  4- 6 |  7- 9 | 10-12 | 13-15 || total
-------------------------+-------+-------+-------+-------+-------++-------
Melee: Spear             |   111 |       |       |       |       ||   111
       War axe           |    32 |    71 |       |       |       ||   103
       Quarterstaff      |       |   102 |    63 |       |       ||   165
       Great mace        |       |       |   217 |   384 |   923 ||  1524
Throw: Boomerang         |       |     2 |       |       |       ||     2
       Dart              |       |     2 |    12 |    18 |    26 ||    58
Invok: Heroism           |       |     1 |     6 |    29 |    33 ||    69
       Finesse           |       |       |       |    19 |    15 ||    34
Evoke: Piece from Xom's  |       |       |       |     6 |     2 ||     8
       Wand              |       |       |       |     3 |     7 ||    10
       Condenser vane    |       |       |       |       |     1 ||     1
  Use: Scroll            |       |       |    14 |    12 |    17 ||    43
 Stab: Sleeping          |     1 |     1 |       |     3 |     6 ||    11
Armor: Robe              |     4 |       |       |   105 |   166 ||   275
       Ring mail         |    62 |    49 |       |       |       ||   111
       Chain mail        |       |    48 |   204 |    46 |     9 ||   307
       Scale mail        |       |     2 |       |       |       ||     2
       Troll leather arm |       |       |       |     1 |       ||     1
       Crystal plate arm |       |       |       |       |   255 ||   255
Dodge: Dodged            |    56 |    71 |   124 |   283 |   324 ||   858
Block: Buckler           |    15 |     9 |       |       |       ||    24
       Other             |       |       |       |       |   154 ||   154
       Reflection        |       |       |       |       |     8 ||     8

Table legend: (Time is in decaauts)
 A = Elapsed time spent in this place.
 B = Non-inter-level travel time spent in this place.
 C = Inter-level travel time spent in this place.
 D = Time resting spent in this place.
 E = Time spent auto-exploring this place.
 F = Levels seen in this place.
 G = Mean time per level.
                   A        B        C        D        E       F      G
               +--------+--------+--------+--------+--------+-----+--------+
         Total |  29934 |  28518 |   1416 |   2091 |  22489 |  23 | 1301.5 |
       Dungeon |  17278 |  16314 |    964 |    501 |  13442 |  15 | 1151.9 |
        Temple |    110 |     89 |     21 |      0 |     73 |   1 |  110.0 |
          Lair |  10945 |  10620 |    325 |   1284 |   8025 |   5 | 2189.0 |
  Orcish Mines |   1599 |   1495 |    104 |    306 |    949 |   2 |  799.5 |
               +--------+--------+--------+--------+--------+-----+--------+

Top non-repeatable levels by time:
  Lair:4: 2773 daAuts
  Lair:2: 2645 daAuts
  Lair:5: 2091 daAuts
    D:10: 1960 daAuts
  Lair:1: 1933 daAuts
    D:15: 1748 daAuts
     D:5: 1675 daAuts
  Lair:3: 1502 daAuts
    D:13: 1493 daAuts
    D:12: 1206 daAuts
     D:9: 1131 daAuts
    D:11: 1117 daAuts
     D:3: 1104 daAuts
     D:4: 1004 daAuts
   Orc:1: 874 daAuts
